APP
BOSTON (APP) RED SOX @ GREAT FALLS VOYAGERS
10/31/2046
 
TOP OF THE 1ST
Toronto (WIN) Blue Jays batting - Pitching for Oakland (WIN) Athletics : RHP Caleb Franklin
Pitching: RHP Caleb Franklin
Batting: LHB Yoshinari Nara 0-0: Ball
1-0: Called Strike
1-1: Foul Ball, location: 2F
1-2: Ball
2-2: DOUBLE (Line Drive, 8RXD, EV 98.8 MPH)
Batting: RHB Finn Ross 0-0: Ground out 6-3 (Groundball, 6MD, EV 87.5 MPH)
Yoshinari Nara to third
Batting: RHB Danny Burnside 0-0: Swinging Strike
0-1: Called Strike
0-2: Ball
1-2: Strikes out swinging
Batting: SHB Jack Andrews 0-0: Ball
1-0: Ball
2-0: SINGLE (Groundball, 6D, EV 102.5 MPH)
Yoshinari Nara scores
Batting: RHB Jordan Fairburn 0-0: Ball
1-0: SINGLE (Line Drive, 34D, EV 97.5 MPH)
Jack Andrews to second
Runner from 2nd tries for 3rd, SAFE, throw by RF made to third
Batting: RHB Mike Strey 0-0: Foul Ball, location: 2F
0-1: Called Strike
0-2: Strikes out swinging
Top of the 1st over - 1 run, 3 hits, 0 errors, 2 left on base; Toronto (WIN) 1 - Oakland (WIN) 0
BOTTOM OF THE 1ST
Oakland (WIN) Athletics batting - Pitching for Toronto (WIN) Blue Jays : LHP Spencer Jones
Pitching: LHP Spencer Jones
Batting: RHB Armando Estrada 0-0: SINGLE (Groundball, 56D, EV 97.5 MPH)
Batting: LHB Zachary DeLuca 0-0: Ball
Armando Estrada is caught stealing 2nd base 2-6
1-0: Called Strike
1-1: SOLO HOME RUN (Flyball, 9LD, EV 91.9 MPH), Distance : 329 ft
Batting: SHB Quincy Bradford 0-0: Ball
1-0: Called Strike
1-1: Swinging Strike
1-2: Strikes out swinging
Batting: RHB Dave Glenn 0-0: Called Strike
0-1: Swinging Strike
0-2: Ball
1-2: Strikes out swinging
Bottom of the 1st over - 1 run, 2 hits, 0 errors, 0 left on base; Toronto (WIN) 1 - Oakland (WIN) 1
TOP OF THE 2ND
Toronto (WIN) Blue Jays batting - Pitching for Oakland (WIN) Athletics : RHP Caleb Franklin
Batting: RHB Cyril Husson 0-0: Called Strike
0-1: Ball
1-1: Foul Ball, location: 2F
1-2: Fly out, F2 (Popup, 2L, EV 88.8 MPH)
Batting: RHB Darren McCarty Jr. 0-0: Ball
1-0: Called Strike
1-1: Bunted foul
1-2: Foul Ball, location: 2F
1-2: Fly out, F9 (Line Drive, 9S, EV 87.5 MPH)
Batting: SHB Spencer Jones 0-0: Bunt for hit to 23 - play at first, batter OUT! 3-4
Top of the 2nd over - 0 runs, 0 hits, 0 errors, 0 left on base; Toronto (WIN) 1 - Oakland (WIN) 1
Top of the 2nd over - 0 runs, 0 hits, 0 errors, 0 left on base; Toronto (WIN) 1 - Oakland (WIN) 1
BOTTOM OF THE 2ND
Oakland (WIN) Athletics batting - Pitching for Toronto (WIN) Blue Jays : LHP Spencer Jones
Batting: LHB John Shults 0-0: Swinging Strike
0-1: DOUBLE (Line Drive, 78D, EV 103.8 MPH)
Batting: RHB Edgar Landim 0-0: Foul Ball, location: 2F
0-1: Ball
1-1: Called Strike
1-2: SINGLE (Line Drive, 6D, EV 103.1 MPH)
John Shults to third
Batting: LHB Chance Stever 0-0: Ball
1-0: Swinging Strike
1-1: Called Strike
1-2: Fly out, F2 (Popup, 25F, EV 80.0 MPH)
Batting: RHB Eduardo Chavez 0-0: Called Strike
0-1: Called Strike
0-2: Ball
1-2: Foul Ball, location: 2F
1-2: Ball
2-2: Ball
3-2: Base on Balls
Edgar Landim to second
Batting: SHB John Cummings 0-0: Fly out, F9 (Flyball, 9D, EV 93.8 MPH)
Runner from 3rd tags up, SCORES, throw by RF
Edgar Landim to third
Batting: RHB Armando Estrada 0-0: Ball
1-0: Ball
2-0: Called Strike
2-1: Foul Ball, location: 2F
2-2: DOUBLE (Groundball, 5L, EV 99.4 MPH)
Edgar Landim scores
Eduardo Chavez to third
Pinch Runner at 2nd Jonathan Gallup:
Batting: LHB Zachary DeLuca 0-0: Ball
1-0: Ball
2-0: Ball
3-0: Base on Balls
Batting: SHB Quincy Bradford 0-0: Called Strike
0-1: Ball
1-1: Foul Ball, location: 2F
1-2: Foul Ball, location: 2F
1-2: Strikes out swinging
Bottom of the 2nd over - 2 runs, 3 hits, 0 errors, 3 left on base; Toronto (WIN) 1 - Oakland (WIN) 3
TOP OF THE 3RD
Toronto (WIN) Blue Jays batting - Pitching for Oakland (WIN) Athletics : RHP Caleb Franklin
Now in CF: Jonathan Gallup
Batting: LHB Yoshinari Nara 0-0: Called Strike
0-1: Fly out, F7 (Flyball, 7D, EV 97.5 MPH)
Batting: RHB Finn Ross 0-0: Called Strike
0-1: Hit by Pitch
Batting: RHB Danny Burnside 0-0: Called Strike
0-1: Ball
1-1: Ball
2-1: Foul Ball, location: 2F
2-2: Ball
3-2: Fielders Choice at 2nd, 5-4 (Groundball, 56, EV 83.1 MPH)
Batting: SHB Jack Andrews 0-0: Ball
Danny Burnside steals 2nd, throwing error, E2
Danny Burnside to third
1-0: Foul Ball, location: 2F
1-1: Fly out, F8 (Flyball, 8LD, EV 103.1 MPH)
Top of the 3rd over - 0 runs, 0 hits, 1 error, 1 left on base; Toronto (WIN) 1 - Oakland (WIN) 3
BOTTOM OF THE 3RD
Oakland (WIN) Athletics batting - Pitching for Toronto (WIN) Blue Jays : LHP Spencer Jones
Batting: RHB Dave Glenn 0-0: Called Strike
0-1: Ball
1-1: Ball
2-1: Called Strike
2-2: Ball
3-2: Base on Balls
Batting: LHB John Shults 0-0: Grounds into double play, 6-4-3 (Groundball, 6, EV 87.5 MPH)
Batting: RHB Edgar Landim 0-0: Called Strike
0-1: Ground out 6-3 (Groundball, 6, EV 88.1 MPH)
Bottom of the 3rd over - 0 runs, 0 hits, 0 errors, 0 left on base; Toronto (WIN) 1 - Oakland (WIN) 3
TOP OF THE 4TH
Toronto (WIN) Blue Jays batting - Pitching for Oakland (WIN) Athletics : RHP Caleb Franklin
Batting: RHB Jordan Fairburn 0-0: Called Strike
0-1: Ball
1-1: Ball
2-1: Called Strike
2-2: Ball
3-2: Base on Balls
Batting: RHB Mike Strey 0-0: Called Strike
0-1: Ball
1-1: Called Strike
1-2: Strikes out looking
Batting: RHB Cyril Husson 0-0: Ball
1-0: Ball
2-0: Called Strike
2-1: Ball
3-1: Swinging Strike
3-2: Strikes out swinging
Jordan Fairburn steals 2nd base
Batter strikes out.
Batting: RHB Darren McCarty Jr. 0-0: Ball
1-0: Called Strike
1-1: Ball
2-1: Fly out, F9 (Flyball, 89M, EV 90.0 MPH)
Top of the 4th over - 0 runs, 0 hits, 0 errors, 1 left on base; Toronto (WIN) 1 - Oakland (WIN) 3
BOTTOM OF THE 4TH
Oakland (WIN) Athletics batting - Pitching for Toronto (WIN) Blue Jays : LHP Spencer Jones
Batting: LHB Chance Stever 0-0: Ball
1-0: Swinging Strike
1-1: SOLO HOME RUN (Flyball, 9LD, EV 91.2 MPH), Distance : 334 ft
Batting: RHB Eduardo Chavez 0-0: Ball
1-0: Ball
2-0: Foul Ball, location: 2F
2-1: Foul Ball, location: 2F
2-2: SINGLE (Line Drive, 78S, EV 106.9 MPH)
Batting: SHB John Cummings 0-0: Ball
1-0: 2-RUN HOME RUN (Flyball, 7D, EV 100.6 MPH), Distance : 379 ft
Pitching: LHP Vinny Zavala
Batting: RHB Jonathan Gallup 0-0: Ball
1-0: Foul Ball, location: 2F
1-1: DOUBLE (Line Drive, 89M, EV 112.5 MPH)
Batting: LHB Zachary DeLuca 0-0: Swinging Strike
0-1: Called Strike
0-2: Ball
1-2: Strikes out swinging
Batting: SHB Quincy Bradford 0-0: Ball
1-0: Ball
2-0: Ground out 6-3 (Groundball, 6M, EV 98.1 MPH)
Jonathan Gallup to third
Batting: RHB Dave Glenn 0-0: Ball
1-0: Ball
2-0: Ball
3-0: Base on Balls
Batting: LHB John Shults 0-0: Ball
1-0: Foul Ball, location: 2F
1-1: Ball
2-1: Swinging Strike
2-2: Strikes out looking
Bottom of the 4th over - 3 runs, 4 hits, 0 errors, 2 left on base; Toronto (WIN) 1 - Oakland (WIN) 6
TOP OF THE 5TH
Toronto (WIN) Blue Jays batting - Pitching for Oakland (WIN) Athletics : RHP Caleb Franklin
Batting: SHB Spencer Jones 0-0: SINGLE (Line Drive, 34, EV 99.4 MPH)
Batting: LHB Yoshinari Nara 0-0: Ball
1-0: Fly out, F7 (Flyball, 7, EV 90.0 MPH)
Batting: RHB Finn Ross 0-0: Called Strike
0-1: Swinging Strike
0-2: Ball
1-2: Fly out, F3 (Line Drive, 3L, EV 65.0 MPH)
Lined into DP, U3 (Line Drive, 3L, EV 70.6 MPH)
Top of the 5th over - 0 runs, 1 hit, 0 errors, 0 left on base; Toronto (WIN) 1 - Oakland (WIN) 6
BOTTOM OF THE 5TH
Oakland (WIN) Athletics batting - Pitching for Toronto (WIN) Blue Jays : LHP Vinny Zavala
Batting: RHB Edgar Landim 0-0: Ball
1-0: Called Strike
1-1: Called Strike
1-2: Ball
2-2: Ball
3-2: Strikes out looking
Batting: LHB Chance Stever 0-0: Called Strike
0-1: Called Strike
0-2: Foul Ball, location: 2F
0-2: Strikes out swinging
Batting: RHB Eduardo Chavez 0-0: Ball
1-0: Ball
2-0: Ball
3-0: Base on Balls
Batting: SHB John Cummings 0-0: Ball
1-0: DOUBLE (Line Drive, 5D, EV 99.4 MPH)
Eduardo Chavez to third
Runner from 3rd tries for Home, SAFE, no throw by LF
Batting: RHB Jonathan Gallup 0-0: Ground out 5-3 (Groundball, 56, EV 108.1 MPH)
Bottom of the 5th over - 1 run, 1 hit, 0 errors, 1 left on base; Toronto (WIN) 1 - Oakland (WIN) 7
TOP OF THE 6TH
Toronto (WIN) Blue Jays batting - Pitching for Oakland (WIN) Athletics : RHP Caleb Franklin
Batting: RHB Danny Burnside 0-0: Called Strike
0-1: Ground out U3 (Groundball, 3, EV 82.5 MPH)
Batting: SHB Jack Andrews 0-0: Ball
1-0: Ball
2-0: Ball
3-0: Called Strike
3-1: Foul Ball, location: 2F
3-2: Ground out 5-3 (Groundball, 56S, EV 60.0 MPH)
Batting: RHB Jordan Fairburn 0-0: Foul Ball, location: 2F
0-1: Ball
1-1: Foul Ball, location: 2F
1-2: Ball
2-2: SOLO HOME RUN (Flyball, 78XD, EV 106.9 MPH), Distance : 399 ft
Batting: RHB Mike Strey 0-0: SOLO HOME RUN (Flyball, 7D, EV 95.6 MPH), Distance : 360 ft
Batting: RHB Cyril Husson 0-0: Ball
1-0: Swinging Strike
1-1: SOLO HOME RUN (Flyball, 8LXD, EV 108.8 MPH), Distance : 446 ft
Pitching: RHP Andrew Yoder
Batting: RHB Darren McCarty Jr. 0-0: Called Strike
0-1: Called Strike
0-2: Ball
1-2: Strikes out looking
Top of the 6th over - 3 runs, 3 hits, 0 errors, 0 left on base; Toronto (WIN) 4 - Oakland (WIN) 7
BOTTOM OF THE 6TH
Oakland (WIN) Athletics batting - Pitching for Toronto (WIN) Blue Jays : LHP Vinny Zavala
Batting: LHB Zachary DeLuca 0-0: Foul Ball, location: 2F
0-1: Ball
1-1: Ball
2-1: SINGLE (Groundball, 34D, EV 96.9 MPH)
Batting: SHB Quincy Bradford 0-0: Ball
Zachary DeLuca is caught stealing 2nd base 2-4
1-0: Called Strike
1-1: SINGLE (Line Drive, 7LM, EV 91.2 MPH)
Batting: RHB Dave Glenn 0-0: Ball
1-0: Ball
2-0: Ball
3-0: Called Strike
3-1: Foul Ball, location: 2F
3-2: Foul Ball, location: 2F
3-2: Base on Balls
Quincy Bradford to second
Batting: LHB John Shults 0-0: Called Strike
0-1: Foul Ball, location: 2F
0-2: Ball
1-2: Ball
2-2: Foul Ball, location: 2F
2-2: Ball
3-2: Foul Ball, location: 2F
3-2: Foul Ball, location: 2F
3-2: Strikes out swinging
Pitching: RHP Mel Schultz
Batting: RHB Edgar Landim 0-0: Called Strike
0-1: Ball
1-1: Foul Ball, location: 2F
1-2: Strikes out swinging
Bottom of the 6th over - 0 runs, 2 hits, 0 errors, 2 left on base; Toronto (WIN) 4 - Oakland (WIN) 7
TOP OF THE 7TH
Toronto (WIN) Blue Jays batting - Pitching for Oakland (WIN) Athletics : RHP Andrew Yoder
Batting: SHB Spencer Jones 0-0: Ball
1-0: Swinging Strike
1-1: Foul Ball, location: 2F
1-2: Ball
2-2: Ball
3-2: Strikes out swinging
Batting: LHB Yoshinari Nara 0-0: Ball
1-0: Ball
2-0: Called Strike
2-1: Ball
3-1: Foul Ball, location: 2F
3-2: Base on Balls
Batting: RHB Finn Ross 0-0: Foul Ball, location: 2F
0-1: Swinging Strike
0-2: Foul Ball, location: 2F
0-2: Fly out, F9 (Flyball, 9S, EV 83.1 MPH)
Batting: RHB Danny Burnside 0-0: Ball
1-0: Ball
2-0: Ball
3-0: Called Strike
3-1: Foul Ball, location: 2F
3-2: Strikes out swinging
Top of the 7th over - 0 runs, 0 hits, 0 errors, 1 left on base; Toronto (WIN) 4 - Oakland (WIN) 7
BOTTOM OF THE 7TH
Oakland (WIN) Athletics batting - Pitching for Toronto (WIN) Blue Jays : RHP Mel Schultz
Batting: LHB Chance Stever 0-0: Called Strike
0-1: Ground out 6-3 (Groundball, 6, EV 87.5 MPH)
Batting: RHB Eduardo Chavez 0-0: Ground out 6-3 (Groundball, 6, EV 107.5 MPH)
Batting: SHB John Cummings 0-0: Ball
1-0: Called Strike
1-1: Called Strike
1-2: Strikes out swinging
Bottom of the 7th over - 0 runs, 0 hits, 0 errors, 0 left on base; Toronto (WIN) 4 - Oakland (WIN) 7
TOP OF THE 8TH
Toronto (WIN) Blue Jays batting - Pitching for Oakland (WIN) Athletics : RHP Andrew Yoder
Batting: SHB Jack Andrews 0-0: Ball
1-0: Swinging Strike
1-1: Foul Ball, location: 2F
1-2: Ball
2-2: Ground out 4-3 (Groundball, 4, EV 111.2 MPH)
Batting: RHB Jordan Fairburn 0-0: Called Strike
0-1: Ball
1-1: Foul Ball, location: 2F
1-2: Foul Ball, location: 2F
1-2: Ball
2-2: Strikes out swinging
Batting: RHB Mike Strey 0-0: Swinging Strike
0-1: Ball
1-1: Foul Ball, location: 2F
1-2: Ball
2-2: Foul Ball, location: 2F
2-2: Ball
3-2: Strikes out swinging
Top of the 8th over - 0 runs, 0 hits, 0 errors, 0 left on base; Toronto (WIN) 4 - Oakland (WIN) 7
BOTTOM OF THE 8TH
Oakland (WIN) Athletics batting - Pitching for Toronto (WIN) Blue Jays : RHP Mel Schultz
Batting: RHB Jonathan Gallup 0-0: Foul Ball, location: 2F
0-1: Ball
1-1: Ball
2-1: Ball
3-1: Ground out 6-3 (Groundball, 6S, EV 81.9 MPH)
Batting: LHB Zachary DeLuca 0-0: Ball
1-0: Ball
2-0: Foul Ball, location: 2F
2-1: Swinging Strike
2-2: Foul Ball, location: 2F
2-2: Strikes out swinging
Batting: SHB Quincy Bradford 0-0: Ball
1-0: Ball
2-0: Called Strike
2-1: Ball
3-1: Base on Balls
Batting: RHB Dave Glenn 0-0: Ball
1-0: Ball
2-0: Foul Ball, location: 2F
2-1: Swinging Strike
2-2: Ball
3-2: SINGLE (Groundball, 56D, EV 111.2 MPH)
Quincy Bradford to second
Quincy Bradford to third
Batting: LHB John Shults 0-0: Ball
1-0: Foul Ball, location: 2F
1-1: Called Strike
1-2: Foul Ball, location: 2F
1-2: Strikes out swinging
Bottom of the 8th over - 0 runs, 1 hit, 0 errors, 2 left on base; Toronto (WIN) 4 - Oakland (WIN) 7
TOP OF THE 9TH
Toronto (WIN) Blue Jays batting - Pitching for Oakland (WIN) Athletics : RHP Andrew Yoder
Pitching: RHP Andrew Douglas
Batting: RHB Cyril Husson 0-0: SINGLE (Line Drive, 4D, EV 97.5 MPH)
Batting: RHB Darren McCarty Jr. 0-0: Foul Ball, location: 2F
0-1: Foul Ball, location: 2F
0-2: Strikes out swinging
Batting: SHB Spencer Jones 0-0: Swinging Strike
0-1: Ball
1-1: Swinging Strike
1-2: Strikes out swinging
Batting: LHB Yoshinari Nara 0-0: Called Strike
0-1: Called Strike
0-2: Ball
1-2: Fly out, F7 (Flyball, 78S, EV 75.0 MPH)
Top of the 9th over - 0 runs, 1 hit, 0 errors, 1 left on base; Toronto (WIN) 4 - Oakland (WIN) 7
Tuesday, September 13th , 2022 - OOTP Baseball 23.7 Build 88